 Dungeon Crawl Stone Soup version 0.29.1-13-g9f3cf754e1 (webtiles) character file.

Game seed: 10726126982465637181

30301 protoss039 the Fighter (level 13, -11/108 HPs)
             Began as a Demonspawn Earth Elementalist on Feb 8, 2023.
             Was an Elder of Vehumet.
             Mangled by an efreet
             ... wielding a +3 scimitar of flaming
              (20 damage)
             ... on level 13 of the Dungeon.
             The game lasted 00:42:31 (19828 turns).

protoss039 the Fighter (DsEE)                      Turns: 19828, Time: 00:42:31

Health: -11/108    AC:  8    Str: 16    XL:     13   Next: 19%
Magic:  27/35      EV: 11    Int: 24    God:    Vehumet [****..]
Gold:   699        SH: 15    Dex: 11    Spells: 12/30 levels left

rFire   . . .      SeeInvis +   c - +12 long sword of the Spheres {vamp, rPois Str+4 Int+3 Dex-3}
rCold   . . .      Faith    .   i - +2 buckler
rNeg    . . .      Spirit   .   d - +1 leather armour of the Doldrums {Str+3}
rPois   +          Reflect  .   r - +1 helmet
rElec   .          Harm     .   (no cloak)
rCorr   .          Rampage  .   (no gloves)
Will    .....                   E - +0 pair of boots
Stlth   ++........              (no amulet)
HPRegen 0.28/turn               x - ring of see invisible
MPRegen 0.24/turn               D - ring of magical power

@: no status effects
A: claws 2, large bone plates 3, icemail 1, condensation shield
a: Renounce Religion


You were on level 13 of the Dungeon.
You worshipped Vehumet.
Vehumet was greatly pleased with you.
You visited 2 branches of the dungeon, and saw 14 of its levels.

You collected 738 gold pieces.
You spent 39 gold pieces at shops.

Inventory:

Hand Weapons
 c - the +12 long sword of the Spheres (weapon) {vamp, rPois Str+4 Int+3 Dex-3}
   (You found it on level 9 of the Dungeon)

   It occasionally heals its wielder for a portion of the damage dealt when it
   wounds a living foe.
   Str:       It affects your strength (+4).
   Int:       It affects your intelligence (+3).
   Dex:       It affects your dexterity (-3).
   rPois:     It protects you from poison.
 k - a +2 war axe of venom
 P - the +7 falchion "Tuackok" {drain, rElec Will+ Str-2}
   (You found it on level 13 of the Dungeon)

   A truly terrible weapon, it drains the life of any living foe it strikes.
   Str:       It affects your strength (-2).
   rElec:     It insulates you from electricity.
   Will:      It increases your willpower.
Missiles
 C - 3 throwing nets
Armour
 d - the +1 leather armour of the Doldrums (worn) {Str+3}
   (You found it on level 2 of the Dungeon)

   Str:       It affects your strength (+3).
 i - a +2 buckler (worn)
 r - a +1 helmet (worn)
 E - a +0 pair of boots (worn)
Magical Staves
 a - a staff of fire
 O - a staff of cold
Jewellery
 h - a +6 ring of strength
 x - a ring of see invisible (left claw)
 D - a ring of magical power (right claw)
 G - a ring of resist corrosion
 K - a +6 ring of intelligence
Wands
 w - a wand of light (8)
 N - a wand of paralysis (3)
Scrolls
 e - 2 scrolls of immolation {unknown}
 f - 5 scrolls of magic mapping
 g - 2 scrolls of poison {unknown}
 j - a scroll of identify
 l - 2 scrolls of silence {unknown}
 m - 3 scrolls of fog
 o - a scroll of enchant armour {unknown}
 q - 3 scrolls of amnesia
 u - a scroll of blinking
 y - a scroll of teleportation
 B - 2 scrolls of vulnerability {unknown}
 F - a scroll of noise {unknown}
 H - a scroll of enchant weapon {unknown}
Potions
 n - 4 potions of haste {unknown}
 p - 7 potions of ambrosia
 s - a potion of cancellation {unknown}
 t - 3 potions of flight {unknown}
 v - 5 potions of mutation
 z - 3 potions of brilliance {unknown}
 A - a potion of resistance {unknown}
 I - a potion of curing
 J - a potion of might {unknown}
 L - a potion of lignification {unknown}
 M - a potion of invisibility {unknown}


   Skills:
 - Level 12.0 Fighting
 - Level 6.0 Armour
 - Level 3.0 Dodging
 - Level 3.0 Stealth
 - Level 6.0 Shields
 + Level 9.4 Spellcasting
 + Level 9.1 Conjurations
 - Level 1.0 Transmutations
 + Level 9.6 Earth Magic


You had 12 spell levels left.
You knew the following spells:

 Your Spells              Type           Power      Damage    Failure   Level
a - Sandblast             Erth           100%       2d20      1%          1
b - Passwall              Tmut/Erth      30%        N/A       1%          2
c - Stone Arrow           Conj/Erth      100%       3d13      1%          3
d - Lee's Rapid Deconstr  Erth           27%        3d16*     1%          5
e - Olgreb's Toxic Radia  Pois           11%        N/A       21%         4
f - Mephitic Cloud        Conj/Pois/Air  25%        N/A       2%          3

Your spell library contained the following spells:

 Spells                   Type           Power      Damage    Failure   Level
 Iskenderun's Battlesphe  Conj           53%        2d10      1%          5
 Foxfire                  Conj/Fire      100%       2x1d9     1%          1
 Conjure Flame            Conj/Fire      33%        6-21      1%          3
 Dazzling Flash           Conj/Hex       66%        N/A       1%          3
 Poisonous Vapours        Pois/Air       22%        N/A       3%          2
 Flame Wave               Conj/Fire      33%        2d10      3%          4
 Iskenderun's Mystic Bla  Conj/Tloc      33%        2d8       3%          4
 Inner Flame              Hex/Fire       11%        N/A       7%          3
 Apportation              Tloc           22%        N/A       9%          1
 Necrotise                Necr           44%        1d6       9%          1
 Summon Small Mammal      Summ           44%        N/A       9%          1
 Petrify                  Tmut/Erth      36%        N/A       10%         4
 Leda's Liquefaction      Hex/Erth       17%        N/A       12%         4
 Ensorcelled Hibernation  Hex/Ice        22%        N/A       13%         2
 Confusing Touch          Hex            11%        N/A       26%         3
 Swiftness                Air            11%        N/A       26%         3
 Yara's Violent Unravell  Hex/Tmut       6%         3d5       41%         5
 Starburst                Conj/Fire      16%        6d6       43%         6
 Corpse Rot               Necr/Pois/Air  11%        N/A       63%         4
 Statue Form              Tmut/Erth      24%        N/A       83%         6
 Alistair's Intoxication  Tmut/Pois      8%         N/A       88%         5
 Enfeeble                 Hex            5%         N/A       100%        7


Dungeon Overview and Level Annotations

Branches:
Dungeon (13/15) Zot: 26458  Temple (1/1) D:6 Zot: 5740    Lair (0/5) D:11
    Orc (0/2) D:10
 Vaults: D:13-14

Altars:
Ashenzari
Cheibriados
Dithmenos
Fedhas
Gozag
Hepliaklqana
Kikubaaqudgha
Makhleb
Nemelex Xobeh
Okawaru
Qazlal
Ru
Sif Muna
Trog
Uskayaw
Vehumet
Wu Jian
Xom
Yredelemnul

Shops:
D:2 !   D:5 *=   D:6 *   D:8 !   D:9 [

Annotations:
D:12 1 runed translucent door, Baujack's ghost, journeyman DsHu


Innate Abilities, Weirdness & Mutations

You have very sharp fingernails.
You are completely covered in large bone plates. (SH +8)
A meltable icy envelope protects you from harm. (AC +0)
A meltable shield of frost defends you. (SH +0)


Message History

Casting: Sandblast (safe; 1% risk of failure)
Confirm with . or Enter, or press ? or * to list all spells.
Aiming: Sandblast (safe; 1% risk of failure)
Press: ? - help, Shift-Dir - straight line, f/p - deep elf pyromancer
Aim: a deep elf pyromancer, wielding a +0 long sword and wearing a +0 leather armour (heavily wounded, 80% to hit)
The blast of sand hits the deep elf pyromancer!!
You kill the deep elf pyromancer!
Vehumet accepts your kill.
You feel your power returning.
The komodo dragon hisses angrily.
You are covered in liquid flames!
* * * LOW HITPOINT WARNING * * *
Unknown command.
Unknown command.
You feel better.
You are covered in liquid flames!
* * * LOW HITPOINT WARNING * * *
The efreet gestures at you. The bolt of fire hits you!
* * * LOW HITPOINT WARNING * * *
Unknown command.
Unknown command.
Casting: Sandblast (safe; 1% risk of failure)
Confirm with . or Enter, or press ? or * to list all spells.
Aiming: Stone Arrow (safe; 1% risk of failure)
Press: ? - help, Shift-Dir - straight line, f - efreet
Aim: an efreet, wielding a +3 scimitar of flaming (92% to hit)
The stone arrow hits the efreet!!
The efreet is severely wounded.
You block the efreet's attack.
Unknown command.
Unknown command.
Casting: Stone Arrow (safe; 1% risk of failure)
Confirm with . or Enter, or press ? or * to list all spells.
You don't have enough magic to cast this spell.
Unknown command.
Unknown command.
Magic courses through your body.
The efreet hits you with a +3 scimitar of flaming!!
You die...

...............
...............
...............
...............
...............
...............
...............
......R@.......
...............
...............
...............
........l..............
........................
........................
........................
....................#


You could see a komodo dragon and an efreet.

Vanquished Creatures
  5 two-headed ogres
  3 centaur warriors (D:13)
  A tengu warrior (D:11)
  11 skeletal warriors
  A deep elf pyromancer (D:13)
  Pikel (D:5)
  4 cyclopes
  2 ugly things (D:12)
  2 guardian serpents (D:11)
  A komodo dragon (D:11)
  An unseen horror (D:11)
  A kobold demonologist (D:11)
  3 trolls
  The ghost of Zeuus77 the Trooper, an amateur DrBe of Trog (D:5)
  A hornet (D:6)
  A queen bee (D:9)
  Grinder (D:3)
  10 slime creatures
  2 vampires
  A shadow (D:13)
  A spriggan (D:10)
  16 yaks
  2 wraiths
  A steam dragon (D:4)
  9 vampire mosquitoes
  5 water moccasins
  3 ice beasts
  4 orc warriors
  2 black bears
  An ogre (D:7)
  7 centaurs
  A phantom (D:5)
  4 kobold brigands
  8 bullfrogs
  3 scorpions
  3 necrophages
  A gnoll sergeant (D:7)
  13 wights
  35 killer bees
  3 electric eels (D:8)
  7 howler monkeys
  A crimson imp (D:4)
  2 hounds
  4 jellies
  3 gnoll boudas
  6 orc priests
  An iguana (D:3)
  Natasha (thrice) (D:2)
  6 orc wizards
  18 gnolls
  6 adders
  A shadow imp (D:5)
  2 white imps
  2 worms
  4 dart slugs
  67 orcs
  9 ball pythons
  7 bats
  8 endoplasms
  4 giant cockroaches
  8 goblins
  10 hobgoblins
  2 quokkas
  2 frilled lizards (D:3)
  21 kobolds
  4 rats
383 creatures vanquished.

Vanquished Creatures (others)
  45 fungi (D:11)
  50 plants
95 creatures vanquished.

Grand Total: 478 creatures vanquished

Notes
Turn   | Place    | Note
-------+----------+-------------------------------------------
     0 | D:1      | protoss039 the Demonspawn Earth Elementalist began the
                  | quest for the Orb.
     0 | D:1      | Reached XP level 1. HP: 13/13 MP: 3/3
   209 | D:1      | Gained mutation: A meltable shield of frost defends you.
                  | (SH +0) [demonic ancestry]
   209 | D:1      | Reached XP level 2. HP: 4/20 MP: 1/5
   531 | D:1      | Found a faded altar of an unknown god.
   535 | D:1      | Reached skill level 1 in Fighting
   725 | D:1      | Gained mutation: You are partially covered in large bone
                  | plates. (SH +4) [demonic ancestry]
   725 | D:1      | Reached XP level 3. HP: 26/26 MP: 6/6
  1127 | D:1      | Learned a level 2 spell: Passwall
  1693 | D:2      | Found Danust's Distillery.
  1910 | D:2      | Noticed Natasha
  1919 | D:2      | Killed Natasha
  1920 | D:2      | Reached XP level 4. HP: 16/33 MP: 1/7
  2000 | D:2      | Noticed Natasha
  2006 | D:2      | Killed Natasha
  2007 | D:2      | Reached skill level 2 in Fighting
  2151 | D:2      | Found an ornate altar of the Wu Jian Council.
  2177 | D:2      | Identified the +1 leather armour of the Doldrums {Str+3}
  2429 | D:2      | Noticed Natasha
  2434 | D:2      | Killed Natasha
  2608 | D:3      | Identified the +0 ring mail of the Other Side {Contam
                  | Rampage SInv}
  2661 | D:3      | Noticed Grinder
  2711 | D:3      | Killed Grinder
  2712 | D:3      | Reached skill level 1 in Shields
  2712 | D:3      | Reached XP level 5. HP: 13/40 MP: 2/9
  2712 | D:3      | Reached XP level 6. HP: 15/46 MP: 2/10
  3255 | D:3      | Reached skill level 1 in Armour
  3727 | D:4      | Reached skill level 3 in Fighting
  4396 | D:4      | Gained mutation: You are mostly covered in large bone
                  | plates. (SH +6) [demonic ancestry]
  4396 | D:4      | Reached XP level 7. HP: 52/52 MP: 9/11
  4697 | D:4      | Found a burning altar of Makhleb.
  4698 | D:4      | Found a shimmering altar of Xom.
  4759 | D:4      | Noticed a hornet
  4910 | D:4      | Paralysed by a hornet for 3 turns
  4970 | D:4      | Reached skill level 4 in Fighting
  5196 | D:4      | Noticed a steam dragon
  5203 | D:4      | Killed a steam dragon
  5596 | D:5      | Entered Level 5 of the Dungeon
  5641 | D:5      | Found a sacrificial altar of Ru.
  5765 | D:5      | Learned a level 3 spell: Stone Arrow
  5782 | D:5      | Gained mutation: You have sharp fingernails. [demonic
                  | ancestry]
  5782 | D:5      | Reached XP level 8. HP: 57/61 MP: 4/13
  6025 | D:5      | Noticed Pikel
  6042 | D:5      | Killed Pikel
  6043 | D:5      | Reached skill level 5 in Fighting
  6043 | D:5      | Reached skill level 1 in Conjurations
  6220 | D:5      | Found Quboloba's Jewellery Shoppe.
  6240 | D:5      | Found Nebixete's Mayhem Merchandise.
  6480 | D:5      | Reached skill level 6 in Fighting
  6567 | D:5      | Reached skill level 5 in Earth Magic
  6955 | D:5      | Found a runed translucent door.
  7081 | D:5      | Noticed Zeuus77's ghost (amateur DrBe)
  7088 | D:5      | Reached XP level 9. HP: 69/69 MP: 10/15
  7130 | D:5      | Killed Zeuus77's ghost
  7986 | D:6      | Reached skill level 5 in Spellcasting
  8404 | D:6      | Reached skill level 7 in Fighting
  8569 | D:6      | Found an opulent altar of Gozag.
  8994 | D:6      | Found a staircase to the Ecumenical Temple.
  9124 | D:6      | Found Woeca's General Store.
  9131 | D:6      | Bought a potion of degeneration for 13 gold pieces
  9131 | D:6      | Bought a scroll of identify for 26 gold pieces
  9567 | Temple   | Entered the Ecumenical Temple
  9813 | Temple   | Became a worshipper of Vehumet
  9872 | D:7      | Gained mutation: A meltable icy envelope protects you from
                  | harm. (AC +0) [demonic ancestry]
  9872 | D:7      | Reached XP level 10. HP: 79/79 MP: 18/18
 10209 | D:7      | Found a stormy altar of Qazlal.
 10657 | D:7      | Noticed an orange demon
 10662 | D:7      | Noticed a smoke demon
 11378 | D:8      | Noticed a two-headed ogre
 11396 | D:8      | Killed a two-headed ogre
 11397 | D:8      | Reached skill level 8 in Fighting
 11397 | D:8      | Reached skill level 5 in Shields
 11604 | D:8      | Reached skill level 5 in Armour
 11751 | D:8      | Reached * piety under Vehumet
 11751 | D:8      | Offered knowledge of Shock by Vehumet.
 11929 | D:8      | Found an iron altar of Okawaru.
 12092 | D:8      | Noticed a two-headed ogre
 12106 | D:8      | Killed a two-headed ogre
 12221 | D:8      | Found Wiyho's Distillery.
 12268 | D:8      | Reached skill level 5 in Conjurations
 12722 | D:9      | Found a hide-covered altar of Uskayaw.
 12732 | D:9      | Identified the +12 long sword of the Spheres {vamp, rPois
                  | Str+4 Int+3 Dex-3}
 12782 | D:9      | Reached skill level 9 in Fighting
 12851 | D:9      | Gained mutation: You have very sharp fingernails. [demonic
                  | ancestry]
 12851 | D:9      | Reached XP level 11. HP: 39/89 MP: 17/20
 13222 | D:9      | Noticed a two-headed ogre
 13230 | D:9      | Killed a two-headed ogre
 13483 | D:9      | Offered knowledge of Searing Ray by Vehumet.
 13491 | D:9      | Reached ** piety under Vehumet
 13528 | D:9      | Found Vokkihug's Antique Armour Emporium.
 13810 | D:10     | Entered Level 10 of the Dungeon
 14010 | D:10     | Reached skill level 1 in Transmutations
 14191 | D:10     | Offered knowledge of Mephitic Cloud by Vehumet.
 14231 | D:10     | Found a staircase to the Orcish Mines.
 14315 | D:10     | Noticed a two-headed ogre
 14322 | D:10     | Killed a two-headed ogre
 14605 | D:10     | Reached *** piety under Vehumet
 14983 | D:10     | Reached skill level 10 in Fighting
 15248 | D:10     | Learned a level 3 spell: Mephitic Cloud
 15447 | D:11     | Noticed a skeletal warrior
 15452 | D:11     | Noticed a skeletal warrior
 15453 | D:11     | Offered knowledge of Olgreb's Toxic Radiance by Vehumet.
 15718 | D:10     | Killed a skeletal warrior
 15796 | D:11     | Noticed a skeletal warrior
 15797 | D:11     | Noticed a two-headed ogre
 15832 | D:11     | Noticed a skeletal warrior
 15920 | D:10     | Killed a skeletal warrior
 15926 | D:10     | Learned a level 4 spell: Olgreb's Toxic Radiance
 15932 | D:10     | Learned a level 5 spell: Lee's Rapid Deconstruction
 16019 | D:10     | Killed a skeletal warrior
 16020 | D:10     | Reached XP level 12. HP: 67/99 MP: 13/23
 16245 | D:11     | Reached skill level 11 in Fighting
 16391 | D:11     | Killed a two-headed ogre
 16527 | D:11     | Found a staircase to the Lair.
 16529 | D:11     | Noticed a tengu warrior
 16541 | D:11     | Killed a tengu warrior
 17757 | D:12     | Reached **** piety under Vehumet
 17771 | D:12     | Reached skill level 12 in Fighting
 18885 | D:12     | Found a runed translucent door.
 18885 | D:12     | Found a shimmering altar of Xom.
 18885 | D:12     | Noticed Baujack's ghost (journeyman DsHu)
 19333 | D:13     | Identified the +8 glaive of the Lurker {vamp, rF+ Str+4
                  | Stlth+}
 19405 | D:13     | Noticed a centaur warrior
 19409 | D:13     | Killed a centaur warrior
 19487 | D:13     | Gained mutation: You are completely covered in large bone
                  | plates. (SH +8) [demonic ancestry]
 19487 | D:13     | Reached XP level 13. HP: 108/108 MP: 26/26
 19497 | D:13     | Offered knowledge of Iskenderun's Battlesphere by Vehumet.
 19799 | D:13     | Identified the +7 falchion "Tuackok" {drain, rElec Will+
                  | Str-2}
 19828 | D:13     | Mangled by an efreet

Illustrated notes

Levels and vault maps discovered:
D:1:      matt_arrival_spirals, layout_loops_ring, ebering_ecumenical_altar_box,
          amcnicky_mini_pool_small, chequers_serial_rivers_marsh
D:2:      minmay_door_path, layout_basic, serial_shops,
          nicolae_shop_statue_plus, basic_altar, uniq_natasha
D:3:      minmay_evil_eye, layout_loops_ring, zin_statuary, uniq_grinder
D:4:      layout_cave_pools, grunt_temple_overflow_champion_of_chaos,
          minmay_divided_ellipse
D:5:      layout_basic, mainiacjoe_overflow_surrounded_room,
          ebering_ghost_sewer_d, serial_shops, shop,
          hangedman_decor_clover_reticule, minmay_shop_mayhem,
          hangedman_decor_slide_cut, kennysheep_generic_room_12, uniq_pikel
D:6:      layout_basic, nicolae_gozag_seed_capital,
          minmay_temple_entry_junction, serial_shops, shop,
          chequers_decorated_corner
D:7:      layout_cave_pools, nicolae_qazlal_style_of_elements,
          serial_column_ruins, column_ruins_hut, column_ruins_open_tiny,
          column_ruins_grid_4, column_ruins_columns_T, column_ruins_open_small,
          column_ruins_grid_1, sigmund_army
D:8:      layout_gridville, nicolae_overflow_crystal_walls, serial_shops,
          nicolae_take_the_stairs, serial_bayou, serial_bayou_pond_d,
          serial_bayou_crossing, serial_bayou_lake_a, serial_bayou_pond_b
D:9:      layout_long_grid, nicolae_uskayaw_suspiria, serial_shops,
          kennysheep_mini_moat, minivault_7
D:10:     layout_roguey, hiddenorc2_lemuel, grunt_ministairs_1, the_hattery
D:11:     nrook_guardian_serpent_snake_passage, layout_gridville,
          due_lair_maze_entry_diamond
D:12:     layout_basic, ebering_ghost_xom
D:13:     layout_layer_cave
Temple:   nicolae_temple_bog_church

Skill      XL: |  1  2  3  4  5  6  7  8  9 10 11 12 13 |
---------------+----------------------------------------+-----
Fighting       | 1 2 3 4 6 7 9 10 12 | 12.0
Earth Magic    | 3 4 5 6 7 9 |  9.6
Dodging        | 2 3 |  3.0
Stealth        | 2 3 |  3.0
Shields        | 1 2 3 4 5 6 |  6.0
Spellcasting   | 3 4 5 6 7 9 |  9.4
Armour         | 1 2 3 4 5 6 |  6.0
Conjurations   | 2 4 5 6 8 9 |  9.1
Transmutations | 1 |  1.0

Action                   |  1- 3 |  4- 6 |  7- 9 | 10-12 | 13-15 || total
-------------------------+-------+-------+-------+-------+-------++-------
Melee: Dagger            |    53 |    51 |    79 |       |       ||   183
       Short sword       |       |    56 |       |       |       ||    56
       War axe           |       |       |       |   137 |       ||   137
       Long sword        |       |       |       |   104 |     4 ||   108
 Cast: Sandblast         |    16 |    56 |   179 |    75 |     3 ||   329
       Stone Arrow       |       |       |    65 |   181 |    10 ||   256
       Passwall          |       |       |     1 |     1 |       ||     2
       Lee's Rapid Decon |       |       |       |    32 |     8 ||    40
       Mephitic Cloud    |       |       |       |     1 |     2 ||     3
Evoke: Wand              |       |       |       |     5 |       ||     5
  Use: Scroll            |       |     3 |     4 |     6 |     1 ||    14
       Potion            |       |       |     1 |     2 |     2 ||     5
 Stab: Sleeping          |     7 |       |       |       |       ||     7
Armor: Robe              |    16 |     1 |       |       |       ||    17
       Leather armour    |       |    26 |    31 |   140 |     1 ||   198
Dodge: Dodged            |    27 |    61 |   134 |   221 |     4 ||   447
Block: Other             |     7 |       |       |       |       ||     7
       Buckler           |    22 |    94 |   253 |   514 |    27 ||   910
